 Dungeon Crawl Stone Soup version 0.29-a0-841-g116ddc6ace (webtiles) character file.

Game seed: 8348018020482478140

2922 zishaf the Fighter (level 9, -6/84 HPs)
             Began as a Ghoul Warper on July 14, 2022.
             Was a Believer of Nemelex Xobeh.
             Mangled by a vault guard
             ... wielding a +0 broad axe
              (19 damage)
             ... in a bailey.
             The game lasted 00:16:57 (9023 turns).

zishaf the Fighter (Ghoul Warper)                   Turns: 9023, Time: 00:16:59

Health: -6/84      AC:  8    Str: 19    XL:     9   Next: 79%
Magic:  0/13       EV: 13    Int:  8    God:    Nemelex Xobeh [**....]
Gold:   283        SH:  4    Dex:  8    Spells: 11/11 levels left

rFire   . . .      SeeInvis .   h - +2 dagger (venom)
rCold   + + .      Faith    .   A - +0 buckler
rNeg    + + +      Spirit   +   s - +0 scale mail
rPois   ∞          Reflect  .   j - +0 helmet
rElec   .          Harm     .   y - +0 cloak
rCorr   .          Rampage  .   (no gloves)
Will    .....                   (no boots)
Stlth   ..........              m - amulet of guardian spirit
HPRegen 0.00/turn               w - ring of protection from cold
MPRegen 0.13/turn               B - +4 ring of evasion

@: flying, inhibited regen
A: claws 1, cold resistance 1, negative energy resistance 3, inhibited
regeneration, torment resistance 2, devour on kill
a: Renounce Religion, Draw Escape, Draw Destruction, Draw Summoning


You were in a bailey.
You worshipped Nemelex Xobeh.
Nemelex Xobeh was pleased with you.
You visited 1 branch of the dungeon, and saw 7 of its levels.
You also visited: Bailey.

You collected 283 gold pieces.

Inventory:

Hand Weapons
 f - a +0 broad axe of protection
 h - a +2 dagger of venom (weapon)
Missiles
 c - 3 boomerangs of dispersal
 i - 3 datura-tipped darts
 o - 3 javelins
 p - 3 throwing nets
 q - 5 boomerangs
 x - 3 poisoned darts (quivered)
Armour
 a - a +0 leather armour
 d - a +0 ring mail
 j - a +0 helmet (worn)
 s - a +0 scale mail (worn)
 y - a +0 cloak (worn)
 A - a +0 buckler (worn)
Jewellery
 m - an amulet of guardian spirit (around neck)
 w - a ring of protection from cold (left claw)
 B - a +4 ring of evasion (right claw)
 F - a ring of resist corrosion
Wands
 t - a wand of paralysis (2)
 E - a wand of light (1)
Scrolls
 b - a scroll of blinking
 e - a scroll of enchant weapon
 u - a scroll of amnesia
 v - 3 scrolls of teleportation
 z - a scroll of fear
 C - a scroll of fog
Potions
 g - 5 potions of curing
 k - 2 potions of ambrosia
 l - a potion of might {unknown}
 n - 2 potions of flight
 r - 3 potions of mutation {unknown}
 D - a potion of heal wounds {unknown}
 G - a potion of resistance {unknown}


   Skills:
 * Level 9.5 Fighting
 - Level 3.0 Throwing
 - Level 0.8 Armour
 - Level 1.7 Dodging
 + Level 3.5 Shields
 - Level 4.0 Unarmed Combat
 - Level 1.7 Spellcasting
 - Level 2.6 Translocations
 * Level 7.1 Invocations
 - Level 4.0 Evocations


You had 11 spell levels left.
You didn't know any spells.
Your spell library contained the following spells:

 Spells                   Type           Power      Damage    Failure   Level
 Blink                    Tloc           10%        N/A       58%         2
 Slow                     Hex            0%         N/A       83%         1
 Gell's Gravitas          Tloc           5%         N/A       83%         3
 Lesser Beckoning         Tloc           5%         N/A       83%         3
 Teleport Other           Tloc           5%         N/A       83%         3
 Confusing Touch          Hex            0%         N/A       99%         3
 Vampiric Draining        Necr           0%         2d6       99%         3
 Manifold Assault         Tloc           5%         N/A       100%        5


Dungeon Overview and Level Annotations

Branches:
Dungeon (7/15)             Temple (0/1) D:6          Bailey (1/1)

Altars:
Ashenzari
Cheibriados
Fedhas
Gozag
Hepliaklqana
Kikubaaqudgha
Nemelex Xobeh
Qazlal
Sif Muna
Uskayaw
Vehumet
Yredelemnul

Shops:
D:5 :   D:7 *


Innate Abilities, Weirdness & Mutations

You are immune to poison.
You have sharp fingernails.
Your flesh is cold resistant. (rC+)
You are immune to negative energy. (rN+++)
You do not regenerate when monsters are visible.
You are immune to unholy pain and torment.
You thrive by killing the living.


Message History

The electrical discharge engulfs your raiju.
Your raiju completely resists.
Your raiju is almost dead.
The electrical discharge engulfs the vault guard!
The vault guard is moderately wounded.
You hear a mighty peal of thunder!
The deck of cards glows with a rainbow of weird colours and disappears.
You hear a shout!
It was a potion of flight.
You feel very buoyant.
You fly up into the air.
Aiming: Bolt of Light
Press: ? - help, Shift-Dir - straight line, f - vault guard
Aim: a vault guard, wielding a +0 broad axe and wearing a +0 plate armour (moderately wounded, very poisoned, ally target, 74% to hit)
The bolt of light hits the vault guard.
The vault guard is moderately wounded.
The vault guard is blinded.
The vault guard hits you with a +0 broad axe.
* * * LOW HITPOINT WARNING * * *
The vault guard closely misses your raiju.
Your raiju bites the vault guard but does no damage.
You hit the vault guard but do no damage.
The vault guard looks as sick as possible!
The vault guard is moderately wounded.
The vault guard hits you with a +0 broad axe!
* * * LOW HITPOINT WARNING * * *
The vault guard hits your raiju with a +0 broad axe!
Your raiju dies!
Your raiju's corpse disappears in a puff of smoke!
You hit the vault guard but do no damage.
The vault guard looks as sick as possible!
The vault guard is moderately wounded.
The vault guard misses you.
You strike the helpless vault guard from behind!
You hit the vault guard but do no damage.
The vault guard looks as sick as possible!
The vault guard is moderately wounded.
The vault guard hits you with a +0 broad axe!!
You die...
Your body disappears without a glow.

##....#≈≈≈≈≈#
##.....'≈≈≈≈≈#####
#......#≈≈≈)##...##
#######....##≈≈≈'..∩..#
#≈≈≈≈≈###..######[)...#
≈≈≈≈≈≈≈≈##'#...)'..∩..#
≈≈≈≈≈≈≈≈≈#.....)##...##
≈≈≈≈≈≈≈≈##....########
≈...≈.≈≈#######@#.#
≈....≈.≈≈≈≈#..##p§#
.≈.(.......#..#...#
..≈((≈≈≈≈).'..#.§§#
≈≈.(≈≈≈≈≈≈≈#.†...##
..≈≈≈####≈≈#....##
.≈≈## ######### .≈ .


You could see a vault guard (blind, extremely poisoned).

Vanquished Creatures
  4 humans (Bailey)
  A water moccasin (D:7)
  2 ice beasts
  An orc warrior (Bailey)
  An ogre (D:5)
  A sky beast (D:6)
  A centaur (D:6)
  A kobold brigand (D:4)
  7 bullfrogs (Bailey)
  A gnoll sergeant (D:5)
  2 scorpions
  2 wights
  A hound (D:4)
  2 gnoll boudas
  An orc priest (D:5)
  A jelly (D:7)
  2 iguanas
  An orc wizard (D:3)
  Robin (D:3)
  10 adders
  13 gnolls
  A white imp (D:6)
  3 worms
  3 dart slugs
  15 orcs
  8 ball pythons
  5 bats
  9 endoplasms
  17 goblins
  10 hobgoblins
  14 kobolds
  4 quokkas
  6 frilled lizards
  8 rats
  A bush (D:4)
160 creatures vanquished.

Vanquished Creatures (collateral kills)
  Prince Ribbit (Bailey)
  3 wights (D:6)
  2 gnolls (D:5)
  An orc (D:3)
7 creatures vanquished.

Vanquished Creatures (others)
  3 gnolls
  An orc (Bailey)
  11 plants
15 creatures vanquished.

Grand Total: 182 creatures vanquished

Notes
Turn   | Place    | Note
-------+----------+-------------------------------------------
     0 | D:1      | zishaf the Ghoul Warper began the quest for the Orb.
     0 | D:1      | Reached XP level 1. HP: 17/17 MP: 2/2
    60 | D:1      | Reached skill level 1 in Throwing
   150 | D:1      | Reached XP level 2. HP: 25/25 MP: 3/3
   517 | D:1      | Reached skill level 3 in Fighting
   709 | D:1      | Found a faded altar of an unknown god.
   853 | D:2      | Reached XP level 3. HP: 31/31 MP: 4/4
  1001 | D:2      | Reached XP level 4. HP: 37/39 MP: 5/5
  1425 | D:2      | You fall into a shaft and drop 2 floors!
  1442 | D:4      | Found a blossoming altar of Fedhas.
  1496 | D:4      | Noticed a scorpion
  1530 | D:4      | Killed a scorpion
  1531 | D:4      | Reached skill level 4 in Fighting
  1531 | D:4      | Reached XP level 5. HP: 15/47 MP: 6/6
  1950 | D:3      | Noticed Robin
  1989 | D:3      | Killed Robin
  2287 | D:2      | Reached XP level 6. HP: 49/55 MP: 5/7
  2372 | D:2      | Reached skill level 5 in Fighting
  2807 | D:3      | Paralysed by a goblin for 4 turns
  2953 | D:3      | Found a broken altar of Ashenzari.
  3158 | D:4      | Noticed a +0 hand axe
  3159 | D:4      | Found a hide-covered altar of Uskayaw.
  3159 | D:4      | Noticed a +0 hand axe
  3274 | D:4      | Reached skill level 1 in Evocations
  4184 | D:5      | Entered Level 5 of the Dungeon
  4184 | D:5      | Found a stormy altar of Qazlal.
  4184 | D:5      | Found a radiant altar of Vehumet.
  4184 | D:5      | Found a basalt altar of Yredelemnul.
  4184 | D:5      | Found a sparkling altar of Nemelex Xobeh.
  4184 | D:5      | Found a hazy altar of Hepliaklqana.
  4191 | D:5      | Became a worshipper of Nemelex Xobeh the Trickster
  4214 | D:5      | Found Jexarhu's Self-Improvement Boutique.
  4251 | D:5      | Found a snail-covered altar of Cheibriados.
  4257 | D:5      | Reached XP level 7. HP: 62/62 MP: 8/8
  4544 | D:5      | Reached skill level 6 in Fighting
  4854 | D:5      | Found an ancient bone altar of Kikubaaqudgha.
  4926 | D:5      | Reached skill level 1 in Invocations
  5911 | D:6      | Found a shimmering blue altar of Sif Muna.
  6006 | D:6      | Reached * piety under Nemelex Xobeh
  6085 | D:6      | Reached XP level 8. HP: 28/71 MP: 6/9
  6103 | D:6      | Reached skill level 7 in Fighting
  6470 | D:6      | Reached skill level 1 in Shields
  6495 | D:6      | HP: 1/73 [gnoll/+0 spear[a gnoll bouda] (3)]
  7137 | D:6      | Received a gift from Nemelex Xobeh
  7340 | D:6      | Found a staircase to the Ecumenical Temple.
  7594 | D:7      | Found Gozag's Platinum Reserve.
  7623 | D:7      | Found an opulent altar of Gozag.
  7737 | D:7      | Reached skill level 5 in Invocations
  7748 | D:7      | Reached skill level 8 in Fighting
  7761 | D:7      | Reached ** piety under Nemelex Xobeh
  7818 | D:7      | Reached XP level 9. HP: 54/81 MP: 9/12
  7853 | D:7      | Found a flagged portal.
  7879 | Bailey   | Entered a bailey
  8794 | Bailey   | Reached skill level 9 in Fighting
  8995 | Bailey   | Noticed Prince Ribbit
  8997 | Bailey   | Noticed a vault guard
  9010 | Bailey   | Killed Prince Ribbit
  9023 | Bailey   | Mangled by a vault guard

Illustrated notes

Levels and vault maps discovered:
D:1:      evilmike_arrival_rings, layout_loops_ring,
          shapermc_ecumenical_altar_hornbeckon
D:2:      layout_rooms, nicolae_grassy_gnolls
D:3:      layout_loops_ring, mainiacjoe_overflow_chevrons, grunt_ministairs_9,
          uniq_robin
D:4:      layout_basic, dancing_weapons_uskayaw, fedhas_altar_4,
          lexackson_kobold_supper
D:5:      layout_loops_ring, grunt_temple_overflow_open,
          mainiacjoe_overflow_catch_the_wave, nicolae_shop_self_help
D:6:      layout_basic, nicolae_sif_muna_condensation, temple_green
D:7:      layout_cave_pools, nicolae_gozag_zags_fifth_avenue,
          mainiacjoe_overflow_concentric_impassable, enter_bailey_4
Bailey:   bailey_axe_froggy_fort_hellmonk, bailey

Skill      XL: |  1  2  3  4  5  6  7  8  9 |
---------------+----------------------------+-----
Throwing       | 1 2 3 |  3.0
Fighting       | 3 4 5 6 8 9 |  9.5
Unarmed Combat | 3 4 |  4.0
Evocations     | 1 2 3 4 |  4.0
Invocations    | 3 5 7 |  7.1
Shields        | 2 3 |  3.5
Armour         | |  0.8
Dodging        | |  1.7
Spellcasting   | |  1.7
Translocations | |  2.6

Action                   |  1- 3 |  4- 6 |  7- 9 || total
-------------------------+-------+-------+-------++-------
Melee: Unarmed           |    84 |   358 |   326 ||   768
       Punch             |     1 |    11 |     1 ||    13
       Dagger            |       |       |    60 ||    60
Throw: Dart              |       |     3 |    12 ||    15
       Boomerang         |       |     1 |     3 ||     4
       Javelin           |       |       |     3 ||     3
Invok: Draw Destruction  |       |       |     5 ||     5
       Draw Summoning    |       |       |     2 ||     2
       Draw Escape       |       |       |     1 ||     1
Evoke: Wand              |       |       |     8 ||     8
  Use: Scroll            |       |    11 |     3 ||    14
       Potion            |       |       |     1 ||     1
 Stab: Paralysed         |       |       |     8 ||     8
       Invisible         |       |       |     2 ||     2
Armor: Leather armour    |     3 |       |       ||     3
       Ring mail         |    29 |    55 |       ||    84
       Scale mail        |       |    42 |   105 ||   147
Dodge: Dodged            |    36 |   130 |   241 ||   407
Block: Buckler           |       |       |    56 ||    56

Table legend: (Time is in decaauts)
 A = Elapsed time spent in this place.
 B = Non-inter-level travel time spent in this place.
 C = Inter-level travel time spent in this place.
 D = Time resting spent in this place.
 E = Time spent auto-exploring this place.
 F = Levels seen in this place.
 G = Mean time per level.
                   A        B        C        D        E       F      G
               +--------+--------+--------+--------+--------+-----+--------+
         Total |   9008 |   8893 |    115 |   1992 |   4746 |   8 | 1126.0 |
       Dungeon |   7858 |   7743 |    115 |   1100 |   4746 |   7 | 1122.6 |
        Bailey |   1149 |   1149 |      0 |    892 |      0 |   1 | 1149.0 |
               +--------+--------+--------+--------+--------+-----+--------+

Top non-repeatable levels by time:
     D:5: 1814 daAuts
     D:4: 1768 daAuts
     D:6: 1355 daAuts
  Bailey: 1149 daAuts
     D:1: 1088 daAuts
     D:3: 806 daAuts
     D:2: 720 daAuts
     D:7: 305 daAuts
